Map: Dusk Towers

Players

Erik

  • Race: Zerg Zerg
  • League: Grandmaster

MCanning - Winner!

  • Race: Protoss Protoss
  • League: Grandmaster

VOD

http://www.twitch.tv/mcanning/v/30690643

Description

Time

  • Played on: Dec. 19, 2015, 12:50 a.m.
  • Length: 19:56
Show
View Real Time Build Order
Export as new Build Order

Erik Zerg 

Build Orders: Hatch First, Lurkers 

Get SALT Encoding   

  12  0:02  Drone  
  13  0:13  Overlord  
  13  0:18  Drone  
  14  0:31  Drone x2  
  16  0:48  Hatchery  
  15  0:51  Drone  
  15  0:54  Drone  
  17  0:57  Drone  
  18  1:04  Extractor  
  17  1:13  Spawning Pool  
  16  1:18  Drone  
  16  1:20  Drone  
  18  1:29  Drone  
  19  1:39  Overlord  
  19  1:50  Drone  
  20  2:01  Queen x2  
  20  2:02  Zergling x2  
  20  2:06  Metabolic Boost, Drone  
  26  2:11  Drone  
  26  2:13  Drone  
  28  2:23  Drone x2  
  30  2:36  Hatchery  
  29  2:39  Drone x2  
  31  2:46  Overlord  
  31  2:48  Drone  
  32  2:54  Drone  
  32  2:55  Drone  
  34  3:04  Evolution Chamber  
  33  3:07  Zergling x4  
  33  3:12  Overlord  
  35  3:13  Drone x4  
  35  3:17  Drone  
  40  3:20  Drone x2  
  42  3:29  Drone  
  42  3:31  Zerg Melee Weapons Level 1  
  42  3:33  Overlord  
  43  3:43  Overlord  
  43  3:45  Drone  
  43  3:46  Drone x5  
  49  3:52  Overlord  
  50  3:55  Drone  
  50  3:56  Extractor  
  50  3:57  Roach Warren, Drone  
  49  4:06  Overlord  
  48  4:16  Overlord  
  47  4:22  Lair  
  46  4:24  Drone, Extractor  
  46  4:26  Drone, Queen  
  46  4:27  Drone x6  
  46  4:28  Overlord  
  55  4:33  Extractor  
  54  4:39  Roach  
  54  4:40  Roach x3  
  54  4:41  Roach  
  54  4:44  Roach  
  66  4:50  Roach x2  
  70  4:56  Drone  
  70  4:59  Drone x6  
  77  5:03  Drone  
  78  5:10  Overlord  
  78  5:11  Drone  
  79  5:15  Drone  
  79  5:17  Baneling Nest  
  79  5:18  Extractor  
  79  5:19  Ravager  
  79  5:20  Overlord  
  79  5:21  Overseer  
  79  5:23  Drone  
  79  5:25  Drone x2  
  79  5:26  Drone x3  
  79  5:27  Drone x2  
  87  5:30  Zerg Melee Weapons Level 2, Extractor  
  86  5:36  Overlord  
  86  5:39  Zergling x8  
  86  5:40  Overseer  
  90  5:46  Overlord  
  90  5:51  Spire  
  90  5:52  Drone x2  
  90  5:54  Hydralisk Den  
  90  5:56  Drone  
  91  5:57  Drone x3  
  94  6:07  Hatchery  
  94  6:08  Pneumatized Carapace  
  94  6:10  Burrow  
  93  6:12  Glial Reconstitution  
  93  6:19  Zergling x12  
  99  6:26  Zergling x12  
  99  6:27  Zergling x2  
  106  6:40  Zergling x4  
  106  6:41  Zergling x14  
  107  6:58  Zergling x6  
  107  6:59  Zergling x2  
  108  7:04  Lurker Den  
  108  7:08  Overlord  
  108  7:11  Roach x2  
  108  7:15  Baneling  
  112  7:16  Baneling x3  
  112  7:21  Hatchery, Queen  
  113  7:25  Zergling x2  
  113  7:26  Zergling x10  
  119  7:35  Hydralisk x2  
  119  7:36  Hydralisk x5  
  133  7:45  Zergling x10  
  133  7:47  Zerg Ground Armor Level 1  
  136  7:54  Ravager x8  
  136  7:57  Overlord x4  
  136  8:11  Baneling  
  136  8:12  Overlord x2, Baneling  
  136  8:18  Zergling x14  
  136  8:19  Zergling x4  
  122  8:33  Lurker, Queen  
  122  8:34  Lurker x5  
  122  8:37  Zergling x10  
  129  8:43  Roach  
  129  8:44  Roach  
  129  8:46  Overseer x2  
  133  8:51  Zergling x6  
  121  9:05  Zergling x2  
  121  9:06  Zergling x12  
  118  9:15  Zergling x10  
  121  9:26  Zergling x8  
  125  9:34  Overlord  
  125  9:36  Baneling  
  125  9:37  Baneling x3  
  125  9:38  Zergling x2  
  126  9:39  Zergling x14  
  126  9:42  Hatchery, Zerg Ground Armor Level 2  
  126  9:43  Infestation Pit  
  131  9:46  Hydralisk x2  
  131  9:47  Hatchery, Hydralisk x2  
  138  9:55  Zergling x2  
  138  9:56  Zergling x4  
  141  10:05  Zergling x2  
  141  10:06  Zergling x6  
  145  10:15  Lurker  
  145  10:16  Lurker x3  
  145  10:18  Zergling x2  
  145  10:19  Zergling x12  
  153  10:26  Overseer x2  
  139  10:51  Zergling x24  
  139  10:56  Hive  
  151  10:58  Queen  
  152  11:20  Overlord  
  152  11:22  Drone  
  152  11:23  Drone x5  
  158  11:26  Drone x5  
  158  11:27  Drone  
  164  11:42  Overlord  
  164  11:46  Overlord  
  164  11:47  Zergling x2  
  164  11:48  Zergling x14  
  167  12:02  Zergling x2  
  167  12:03  Zergling x10  
  167  12:05  Drone x3  
  167  12:07  Drone x2  
  152  12:26  Overlord  
  152  12:29  Zergling x2  
  150  12:30  Zergling x38  
  167  12:41  Zerg Melee Weapons Level 3, Greater Spire  
  167  12:42  Adrenal Glands  
  168  12:44  Drone x4  
  168  12:45  Drone x3  
  174  13:04  Spine Crawler  
  173  13:06  Spine Crawler  
  173  13:09  Spine Crawler  
  171  13:14  Corruptor x3  
  171  13:15  Corruptor x3  
  171  13:17  Overseer  
  183  13:20  Extractor  
  160  13:58  Zergling x2  
  160  13:59  Zergling x58  
  160  14:00  Zergling x10  
  130  14:12  Brood Lord x5  
  126  14:22  Brood Lord  
  101  14:41  Zergling x2  
  101  14:42  Zergling x14  
  98  15:25  Hydralisk x6  
  103  15:50  Lurker  
  103  15:51  Lurker x5  
  108  16:12  Hatchery  
  68  17:01  Hydralisk x3  
  68  17:02  Hydralisk  
  69  17:40  Lurker x4  
  68  17:48  Zergling x6  
  70  18:07  Pathogen Glands  
  70  18:24  Zergling x8  
  70  18:25  Zergling x10  
  79  18:43  Infestor  
  79  18:44  Infestor x2  
  79  18:47  Infestor  
  87  18:53  Baneling  
  87  18:54  Baneling  
  75  19:06  Zergling x2  
  75  19:07  Zergling x8  
  48  19:19  Viper  
Show
View Real Time Build Order
Export as new Build Order

MCanning Protoss - Winner!

Build Orders: Nexus First 

Get SALT Encoding   

  12  0:01  Probe (Chrono Boost)  
  13  0:12  Probe (Chrono Boost)  
  14  0:22  Probe (Chrono Boost), Pylon  
  15  0:40  Probe (Chrono Boost)  
  16  0:51  Probe (Chrono Boost)  
  17  1:00  Nexus  
  17  1:10  Gateway  
  17  1:13  Probe (Chrono Boost)  
  18  1:22  Assimilator  
  18  1:24  Probe (Chrono Boost)  
  19  1:28  Assimilator  
  19  1:34  Probe (Chrono Boost)  
  20  1:40  Pylon  
  20  1:45  Probe (Chrono Boost)  
  21  1:55  Probe (Chrono Boost)  
  22  2:02  Zealot  
  22  2:04  Cybernetics Core  
  22  2:06  Probe (Chrono Boost)  
  25  2:14  Probe (Chrono Boost)  
  26  2:17  Probe (Chrono Boost)  
  27  2:25  Probe (Chrono Boost)  
  27  2:27  Probe (Chrono Boost)  
  29  2:35  Probe (Chrono Boost)  
  30  2:38  Probe (Chrono Boost)  
  30  2:39  Stalker (Chrono Boost)  
  30  2:42  Warp Gate (Chrono Boost)  
  33  2:46  Probe (Chrono Boost)  
  33  2:49  Mothership Core (Chrono Boost)  
  36  2:51  Pylon  
  36  2:56  Probe (Chrono Boost)  
  37  3:07  Probe (Chrono Boost)  
  37  3:09  Sentry  
  40  3:15  Probe (Chrono Boost)  
  40  3:18  Probe (Chrono Boost)  
  40  3:19  Gateway  
  42  3:21  Gateway  
  42  3:25  Probe (Chrono Boost)  
  43  3:28  Probe (Chrono Boost)  
  44  3:35  Sentry  
  44  3:36  Probe (Chrono Boost)  
  44  3:37  Pylon  
  44  3:39  Probe (Chrono Boost)  
  48  3:46  Probe (Chrono Boost)  
  49  3:50  Probe (Chrono Boost)  
  49  3:51  Robotics Facility  
  49  3:55  Assimilator  
  50  3:57  Probe (Chrono Boost)  
  50  3:59  Assimilator  
  50  4:00  Probe (Chrono Boost)  
  50  4:02  Sentry  
  54  4:07  Probe  
  54  4:19  Probe  
  54  4:20  Probe  
  56  4:32  Probe  
  56  4:36  Probe, Forge  
  58  4:39  Warp Prism (Chrono Boost)  
  60  4:47  Nexus  
  60  4:49  Pylon  
  60  4:51  Pylon  
  60  4:54  Adept  
  62  5:03  Pylon  
  62  5:07  Probe  
  62  5:08  Protoss Ground Weapons Level 1, Robotics Bay  
  62  5:09  Twilight Council  
  62  5:11  Observer (Chrono Boost)  
  62  5:13  Gateway  
  64  5:15  Probe (Chrono Boost)  
  64  5:16  Gateway  
  64  5:19  Probe (Chrono Boost)  
  66  5:29  Probe (Chrono Boost)  
  66  5:34  Gateway, Observer  
  68  5:35  Gateway  
  68  5:36  Adept, Pylon  
  68  5:37  Adept, Blink  
  72  5:51  Adept  
  72  5:55  Probe (Chrono Boost)  
  75  5:58  Dark Shrine  
  75  6:01  Probe x2 (Chrono Boost)  
  77  6:05  Probe (Chrono Boost)  
  77  6:09  Adept  
  77  6:10  Probe (Chrono Boost)  
  77  6:11  Probe (Chrono Boost), Disruptor (Chrono Boost)  
  80  6:15  Photon Cannon  
  80  6:16  Probe  
  80  6:18  Photon Cannon  
  86  6:22  Probe  
  86  6:23  Probe, Pylon  
  87  6:37  Photon Cannon  
  87  6:43  Disruptor (Chrono Boost)  
  87  6:46  Adept x3  
  87  6:47  Adept x2  
  92  7:03  Stalker x2  
  92  7:06  Probe  
  93  7:09  Stalker x3  
  93  7:10  Stalker x2  
  103  7:23  Probe  
  103  7:27  Assimilator  
  104  7:31  Assimilator  
  104  7:32  Stalker x2  
  104  7:33  Stalker x4  
  104  7:37  Photon Cannon  
  116  7:38  Pylon  
  116  7:41  Pylon  
  116  7:59  Pylon  
  116  8:02  Pylon x2  
  116  8:04  Pylon  
  112  8:05  Pylon  
  112  8:07  Pylon  
  112  8:08  Pylon  
  112  8:10  Photon Cannon  
  112  8:12  Dark Templar x2  
  116  8:26  Stalker x3  
  117  8:39  Probe  
  118  8:43  Probe  
  118  8:44  Observer Gravitic Boosters  
  118  8:48  Pylon  
  119  8:50  Stalker x3  
  119  8:52  Pylon  
  125  8:56  Pylon  
  125  8:59  Gateway, Probe  
  109  9:12  Probe  
  109  9:13  Disruptor (Chrono Boost)  
  109  9:16  Probe  
  111  9:34  Dark Templar x2, Robotics Facility  
  115  9:39  Nexus  
  115  9:40  Pylon  
  115  9:42  Probe  
  115  9:43  Pylon  
  116  9:52  Pylon  
  119  10:03  Probe  
  119  10:04  Zealot x4  
  119  10:05  Zealot  
  130  10:10  Disruptor (Chrono Boost)  
  130  10:12  Pylon  
  130  10:13  Probe  
  131  10:14  Pylon  
  131  10:23  Dark Templar  
  131  10:26  Disruptor (Chrono Boost)  
  136  10:28  Probe  
  136  10:33  Probe  
  136  10:37  Probe  
  136  10:41  Disruptor (Chrono Boost)  
  138  10:43  Archon  
  138  10:44  Dark Templar  
  138  10:46  Dark Templar  
  132  10:51  Dark Templar  
  132  10:54  Disruptor (Chrono Boost)  
  132  10:59  Protoss Ground Weapons Level 2 (Chrono Boost)  
  132  11:03  Assimilator  
  135  11:08  Photon Cannon  
  135  11:09  Gateway, Assimilator  
  135  11:10  Probe  
  135  11:11  Photon Cannon  
  134  11:12  Disruptor  
  134  11:13  Photon Cannon  
  137  11:22  Stalker x2  
  137  11:23  Stalker x3  
  137  11:24  Disruptor  
  147  11:28  Probe, Dark Templar  
  147  11:30  Probe  
  154  11:40  Stalker  
  154  11:47  Stalker x5  
  166  11:55  Probe  
  166  11:57  Observer  
  166  11:58  Probe  
  166  11:59  Probe  
  168  12:03  Probe  
  161  12:19  Probe  
  161  12:22  Stalker x3  
  160  12:28  Probe  
  161  12:44  Probe  
  160  12:48  Dark Templar  
  160  12:49  Dark Templar x6  
  174  12:53  Charge (Chrono Boost)  
  174  12:54  Archon x2  
  174  12:55  Archon  
  174  13:01  Dark Templar  
  174  13:05  Archon  
  176  13:13  Protoss Ground Weapons Level 3  
  176  13:17  Disruptor  
  176  13:18  Pylon  
  176  13:19  Pylon  
  179  13:26  Zealot x6  
  190  13:32  Probe  
  191  13:36  Dark Templar x2  
  191  13:52  Probe  
  156  14:05  Stalker x6  
  156  14:07  Disruptor  
  164  14:11  Disruptor  
  163  14:22  Zealot x2  
  167  14:28  Zealot x2  
  167  14:29  Zealot  
  173  14:34  Cybernetics Core  
  171  14:41  Probe  
  166  14:47  Probe  
  166  14:51  Warp Prism  
  169  14:57  Dark Templar  
  169  14:59  Dark Templar  
  171  15:05  Pylon  
  171  15:06  Pylon  
  171  15:14  Stargate x2  
  171  15:15  Observer  
  171  15:16  Stargate  
  171  15:19  Zealot x3  
  171  15:20  Pylon  
  178  15:24  Zealot x2  
  178  15:27  Photon Cannon  
  181  15:30  Probe  
  182  15:40  Pylon  
  182  15:44  Photon Cannon  
  182  15:47  Observer, Pylon  
  183  15:53  Probe  
  184  16:01  Photon Cannon  
  182  16:05  Fleet Beacon, Photon Cannon  
  182  16:07  Void Ray x3 (Chrono Boost)  
  182  16:08  Assimilator  
  182  16:11  Protoss Air Weapons Level 1  
  194  16:13  Assimilator  
  194  16:25  Photon Cannon  
  194  16:31  Zealot x3  
  194  16:54  Tempest x3 (Chrono Boost)  
  188  17:14  Pylon  
  186  17:31  Void Ray x3 (Chrono Boost)  
  198  17:50  Dark Templar  
  200  17:58  Dark Templar  
  196  18:08  Photon Cannon  
  196  18:11  Nexus  
  196  18:18  Nexus  
  196  18:23  Void Ray (Chrono Boost)  
  200  18:33  Pylon  
  200  18:34  Pylon  
  200  18:39  Graviton Catapult (Chrono Boost)  
  200  18:54  Photon Cannon  
  200  18:56  Pylon  
  177  19:03  Probe  
  163  19:10  Observer  
  154  19:25  Zealot x6  
  154  19:30  Photon Cannon  
Tags
 
Add a new tag
Caveats
  • Supply blocks, unpowered buildings, or Contaminate may cause inaccurate times.
  • Supply counts are checked every 10 seconds.